 Dungeon Crawl Stone Soup version 0.27-a0-1595-g0b823d0a13 (webtiles) character file.

Game seed: 15159377976499132604

3974 Mitsuki the Blocker (level 10, -1/91 HPs)
             Began as a Minotaur Fighter on July 20, 2021.
             Killed from afar by an efreet (20 damage)
             ... with a bolt of fire
             ... on level 7 of the Dungeon.
             The game lasted 00:19:17 (8868 turns).

Mitsuki the Blocker (Minotaur Fighter)              Turns: 8868, Time: 00:19:18

Health: -1/91      AC: 17    Str: 24    XL:     10   Next: 2%
Magic:  0/9        EV:  6    Int:  5    God:
Gold:   521        SH: 12    Dex: 10    Spells: 9/9 levels left

rFire    . . .     SeeInvis .   a - +2 long sword (drain)
rCold    . . .     Faith    .   c - +0 kite shield
rNeg     + . .     Spirit   +   v - +0 plate armour
rPois    +         Reflect  .   (helmet restricted)
rElec    .         Harm     .   j - +2 cloak {rCorr}
rCorr    +         Rampage  .   (no gloves)
Will     .....                  (no boots)
Stlth    ..........             e - amulet of guardian spirit
HPRegen  0.25/turn              h - ring of poison resistance
MPRegen  0.11/turn              s - ring of positive energy

@: no status effects
A: horns 2, retaliatory headbutt
a: no special abilities


You were on level 7 of the Dungeon.
You visited 1 branch of the dungeon, and saw 7 of its levels.
You also visited: Sewer.

You collected 521 gold pieces.

Inventory:

Hand Weapons
 a - a +2 long sword of draining (weapon)
 b - the +8 whip "Snakebite" {venom, curare, rPois}
   (You found it on level 6 of the Dungeon)

   It poisons the flesh of those it strikes.
   It occasionally inflicts asphyxiating poison on those it strikes, dealing
   poison damage and causing slowness.
   rPois:     It protects you from poison.
Missiles
 l - a throwing net (quivered)
 m - 5 curare-tipped darts
Armour
 c - a +0 kite shield (worn)
 j - a +2 cloak of preservation (worn)
 v - a +0 plate armour (worn)
Jewellery
 e - an amulet of guardian spirit (around neck)
 h - a ring of poison resistance (left hand)
 o - a ring of resist corrosion
 s - a ring of positive energy (right hand)
Wands
 w - a wand of digging (5)
 D - a wand of mindburst (10)
Scrolls
 f - 5 scrolls of identify
 i - 4 scrolls of teleportation
 p - 2 scrolls of magic mapping {unknown}
 r - a scroll of acquirement {unknown}
 t - a scroll of blinking {unknown}
 y - 3 scrolls of enchant armour {unknown}
 B - a scroll of fog {unknown}
Potions
 d - a potion of might
 g - a potion of mutation {unknown}
 k - 2 potions of degeneration
 n - 3 potions of lignification
 q - 5 potions of heal wounds {unknown}
 u - 2 potions of attraction {unknown}
 x - 4 potions of invisibility {unknown}
 z - a potion of magic {unknown}
 A - 3 potions of haste {unknown}
 C - a potion of ambrosia {unknown}


   Skills:
 + Level 9.4 Fighting
 + Level 9.0 Long Blades
 + Level 9.4 Armour
 + Level 9.4 Shields


You had 9 spell levels left.
You didn't know any spells.
Your spell library was empty.

Dungeon Overview and Level Annotations

Branches:
Dungeon (7/15)              Sewer (visited)
 Temple: D:4-7

Altars:
Cheibriados
Makhleb
Okawaru
Qazlal
Trog
Uskayaw
Beogh

Shops:
D:1 (   D:3 !


Innate Abilities, Weirdness & Mutations

You have a pair of horns on your head.
You reflexively headbutt those who attack you in melee.


Message History

The efreet is moderately wounded.
The efreet gestures at you. The bolt of fire hits you!
You take 14 damage, and have 59/91 hp.
You now have 6/9 mp.
You hit the efreet. You headbutt the efreet!
The efreet is heavily wounded.
You block the efreet's attack.
The forest fire spreads! x2
You hit the efreet but do no damage. You headbutt the efreet.
The efreet is heavily wounded.
The efreet hits you with a +2 scimitar of flaming.
The efreet burns you.
You take 3 damage, and have 56/91 hp.
You now have 5/9 mp.
Your plate armour prevents you from hitting the efreet.
The efreet is heavily wounded.
You block the efreet's attack.
You slash the efreet!
The efreet is almost dead.
The efreet hits you with a +2 scimitar of flaming!
The efreet burns you.
You take 12 damage, and have 44/91 hp.
You now have 4/9 mp.
You hit the efreet but do no damage.
The efreet is almost dead.
The efreet gestures at you.
The fireball explodes!
The fireball engulfs you!
The tree burns like a torch!
The fireball engulfs the efreet.
The efreet completely resists.
You hear a shout!
You hear a loud, deep croak!
The forest fire spreads!
You take 9 damage, and have 35/91 hp.
You now have 3/9 mp.
Things that are here:
a +0 trident; a +0 ring mail You hit the efreet but do no damage.
You headbutt the efreet, but do no damage.
The efreet is almost dead.
You are engulfed in blazing flames.
* * * LOW HITPOINT WARNING * * *
You block the efreet's attack. The efreet gestures at you.
The bolt of fire hits you!!
* * * LOW MAGIC WARNING * * *
You die...

♣....[....♣.♣#≈♣♣♣ #.###
♣.♣♣♣♣♣♣♣.♣.♣#♣≈.♣ #...#
♣.♣# ♣.♣.♣ ♣.≈♣♣#.###
♣.♣. ♣.♣.♣#♣♣♣≈♣#.# #
♣.♣○ ♣.♣....≈P)...# #
♣.♣R ♣.♣.♣#≈P≈≈≈#.###
♣.♣○ ♣.♣.♣#≈♣♣≈♣#...#
♣.§.####♣§♣§♣#≈♣♣♣♣#...#
♣..§§§R@§§§§♣#≈♣♣♣ #...#
♣.♣.§§§§♣§.§♣#♣≈P♣ #...#
♣..§§§§§§...♣ ♣P≈≈≈#...#
♣♣♣♣♣.♣♣♣♣♣♣♣ ♣♣.♣♣#...#
#.# #### #...# ♣.♣
#..###...# ♣.♣
#........# ♣.♣
#........# ♣.♣
#.....##..


You could see an efreet.

Vanquished Creatures
  A troll (D:7)
  4 yaks
  A wyvern (D:7)
  4 water moccasins
  2 hornet zombies
  An ice beast (D:5)
  An ogre (D:5)
  A necrophage (D:7)
  3 phantoms
  A kobold brigand (D:5)
  3 bullfrogs
  2 scorpions (D:6)
  3 water moccasin zombies
  A water moccasin skeleton (D:6)
  5 killer bees (D:4)
  2 howler monkeys
  A centaur skeleton (D:6)
  3 orc priests
  Crazy Yiuf (D:2)
  A gnoll shaman (D:5)
  10 hounds
  A bullfrog skeleton (D:5)
  4 iguanas
  4 orc wizards
  A killer bee zombie (D:7)
  7 gnolls
  A howler monkey skeleton (D:6)
  5 adders
  8 river rats (Sewer)
  A white imp (D:6)
  An adder skeleton (D:4)
  3 worms
  3 dart slugs
  19 orcs
  7 endoplasms
  3 giant cockroaches
  7 goblins
  8 hobgoblins
  6 jackals
  3 quokkas
  17 ball pythons
  3 bats
  4 frilled lizards
  7 kobolds
  22 rats
196 creatures vanquished.

Vanquished Creatures (others)
  An orc (D:7)
  A bat (D:3)
  2 fungi (D:2)
  3 plants (D:7)
7 creatures vanquished.

Grand Total: 203 creatures vanquished

Notes
Turn   | Place    | Note
-------+----------+-------------------------------------------
     0 | D:1      | Mitsuki the Minotaur Fighter began the quest for the Orb.
     0 | D:1      | Reached XP level 1. HP: 19/19 MP: 0/0
     7 | D:1      | Found a faded altar of an unknown god.
   162 | D:1      | Found Qelaaveshu's Antique Weapon Boutique.
   169 | D:1      | Reached XP level 2. HP: 27/27 MP: 1/1
   585 | D:1      | Reached XP level 3. HP: 16/33 MP: 2/2
  1561 | D:2      | Found a runed translucent door.
  1562 | D:2      | Noticed Crazy Yiuf
  1572 | D:2      | Killed Crazy Yiuf
  1573 | D:2      | Reached XP level 4. HP: 13/41 MP: 1/3
  1859 | D:3      | Found Qecvad's Distillery.
  2361 | D:2      | Reached XP level 5. HP: 45/47 MP: 4/4
  2484 | D:3      | Reached skill level 5 in Fighting
  2484 | D:3      | Reached skill level 5 in Armour
  2490 | D:3      | Reached skill level 5 in Shields
  3127 | D:4      | Reached XP level 6. HP: 22/56 MP: 3/5
  3794 | D:4      | Found an iron altar of Okawaru.
  3807 | D:4      | Noticed a yak
  3808 | D:4      | Noticed a yak
  3810 | D:4      | Noticed a yak
  3812 | D:4      | Noticed a yak
  3962 | D:5      | Entered Level 5 of the Dungeon
  3964 | D:5      | Found a hide-covered altar of Uskayaw.
  3983 | D:5      | Reached skill level 5 in Long Blades
  3983 | D:5      | Reached XP level 7. HP: 36/62 MP: 3/6
  4904 | D:5      | Reached XP level 8. HP: 70/71 MP: 7/7
  4980 | D:5      | Found a stormy altar of Qazlal.
  5570 | D:4      | Found a snail-covered altar of Cheibriados.
  5920 | D:4      | Found a burning altar of Makhleb.
  6807 | D:6      | Found the +8 whip "Snakebite" {venom, curare, rPois}
  6826 | D:6      | Reached XP level 9. HP: 80/81 MP: 8/8
  6893 | D:6      | Found a glowing drain.
  6916 | Sewer    | Entered a sewer
  8343 | D:7      | Found a bloodstained altar of Trog.
  8750 | D:7      | Noticed a troll
  8763 | D:7      | Killed a troll
  8764 | D:7      | Reached XP level 10. HP: 74/91 MP: 9/9
  8868 | D:7      | Killed from afar by an efreet

Illustrated notes

Levels and vault maps discovered:
D:1:      dpeg_arrival_pond, layout_basic, serial_shops, nicolae_square_shop,
          ebering_ecumenical_altar_rust, minmay_curled_crystal
D:2:      layout_rooms, minmay_misc_feat_tower, uniq_crazy_yiuf_cottage
D:3:      cheibrodos_pilgrimage, layout_rooms, serial_shops,
          nicolae_shop_behind_doors, lemuel_flame_loot_1
D:4:      layout_basic, okawaru_ov_weapons_minmay,
          nicolae_overflow_crystal_walls, makhleb_heckhound_becter,
          kennysheep_orc_chapel
D:5:      layout_basic, nicolae_uskayaw_murder_on_the_dancefloor,
          nicolae_qazlal_eye_of_the_storm
D:6:      layout_basic, cheibrodos_sewer_entry_bend
D:7:      nzn_winding_woodlands_cross [nzn_winding_woodlands_5x15_lazy_stream,
          nzn_winding_woodlands_5x15_sawtooth,
          nzn_winding_woodlands_5x15_concentric,
          nzn_winding_woodlands_5x15_twine,
          nzn_winding_woodlands_15x15_boxy_spiral], layout_rooms,
          mainiacjoe_overflow_catwalk, minmay_temple_entry_trees,
          minmay_manual_mess

Skill      XL: |  1  2  3  4  5  6  7  8  9 |
---------------+----------------------------+-----
Armour         | 4 5 6 8 9 |  9.4
Shields        | 4 5 6 7 9 |  9.4
Fighting       | 4 5 6 7 9 |  9.4
Long Blades    | 3 4 5 7 9 |  9.0

Action                   |  1- 3 |  4- 6 |  7- 9 | 10-12 || total
-------------------------+-------+-------+-------+-------++-------
Melee: Long sword        |    78 |   126 |   402 |    12 ||   618
       Headbutt          |    18 |    23 |    68 |     4 ||   113
  Use: Scroll            |       |       |     8 |       ||     8
Armor: Scale mail        |    41 |    54 |    61 |       ||   156
       Plate armour      |       |       |   199 |       ||   199
Dodge: Dodged            |    22 |    49 |   129 |     4 ||   204
Block: Kite shield       |    53 |    67 |   264 |     6 ||   390
       Rpst.: Long sword |     2 |    12 |    33 |       ||    47

Table legend: (Time is in decaauts)
 A = Elapsed time spent in this place.
 B = Non-inter-level travel time spent in this place.
 C = Inter-level travel time spent in this place.
 D = Time resting spent in this place.
 E = Time spent auto-exploring this place.
 F = Levels seen in this place.
 G = Mean time per level.
                   A        B        C        D        E       F      G
               +--------+--------+--------+--------+--------+-----+--------+
         Total |   9109 |   8737 |    372 |   1621 |   5485 |   8 | 1138.6 |
       Dungeon |   8585 |   8213 |    372 |   1621 |   5147 |   7 | 1226.4 |
         Sewer |    523 |    523 |      0 |      0 |    338 |   1 |  523.0 |
               +--------+--------+--------+--------+--------+-----+--------+

Top non-repeatable levels by time:
     D:3: 1964 daAuts
     D:4: 1415 daAuts
     D:5: 1294 daAuts
     D:2: 1282 daAuts
     D:1: 950 daAuts
     D:6: 948 daAuts
     D:7: 729 daAuts
   Sewer: 523 daAuts
